 Dungeon Crawl Stone Soup version 0.18.1-5-g4a78601 (webtiles) character file.

54 Ijustatesigmund the Chopper (level 3, -3/51 HPs)
             Began as a Minotaur Berserker on May 10, 2016.
             Was a Believer of Trog.
             Slain by a gnoll
             ... wielding a +0 halberd
              (9 damage)
             ... on level 3 of the Dungeon.
             The game lasted 00:04:18 (1242 turns).

Ijustatesigmund the Chopper (Minotaur Berserker)    Turns: 1242, Time: 00:04:18

Health: -3/51      AC:  5    Str: 26    XL:     3   Next: 66%
Magic:  2/2        EV: 11    Int:  4    God:    Trog [**....]
Gold:   105        SH:  0    Dex: 10    Spells: 0 memorised, 2 levels left

rFire  . . .     SeeInvis .     a - +1 hand axe
rCold  . . .     Gourm    .     s - +0 ring mail
rNeg   . . .     Faith    .     (no shield)
rPois  .         Spirit   .     (helmet restricted)
rElec  .         Dismiss  .     (no cloak)
rCorr  .         Reflect  .     (no gloves)
SustAt .         Harm     .     (no boots)
MR     .....                    (no amulet)
Stlth  ..........               (no ring)
                                (no ring)

@: berserking, very quick, not resistant to hostile enchantments, extremely
unstealthy
A: retaliatory headbutt, horns 2
a: Berserk, Trog's Hand, Burn Spellbooks, Renounce Religion


You were on level 3 of the Dungeon.
You worshipped Trog.
Trog was pleased with you.
You were not hungry.

You visited 1 branch of the dungeon, and saw 3 of its levels.

You collected 105 gold pieces.

Inventory:

Hand Weapons
 a - a +1 hand axe (weapon)
Missiles
 q - 7 silver javelins (quivered)
Armour
 k - a -2 ring mail
 s - a +0 ring mail (worn)
Jewellery
 r - a +2 ring of strength {unknown}
Scrolls
 d - 3 scrolls of fear
 l - a scroll of immolation
 m - a scroll of remove curse
 n - a scroll of recharging
Potions
 e - a potion of flight
 f - a potion of brilliance
 g - a potion of curing
 i - a potion of heal wounds {unknown}
 j - 2 potions of ambrosia {unknown}
Comestibles
 c - a bread ration
 h - a slice of pizza
 o - 5 fruits
 p - a beef jerky


   Skills:
 + Level 4.6 Fighting
 + Level 4.8 Axes
 - Level 2.4 Armour
 - Level 2.1 Dodging


You had 2 spell levels left.
You didn't know any spells.

Dungeon Overview and Level Annotations

Branches:
Dungeon (3/15)

Altars:
Ashenzari
Dithmenos


Innate Abilities, Weirdness & Mutations

You reflexively headbutt those who attack you in melee.
You have a pair of horns on your head.


Message History

You're too hungry to go berserk.
Drink which item? (? for menu, Esc to quit)
It was a potion of curing.
You feel better.
A gnoll comes into view. It is wielding a halberd.
Eat which item? (? for menu, Esc to quit)
The gnoll hits you with a halberd.
That beef jerky was delicious!
A red film seems to cover your vision as you go berserk!
You feel yourself moving faster!
You feel mighty!
You feel somewhat more hungry.
The gnoll hits you from afar with a halberd!
* * * LOW HITPOINT WARNING * * *
The gnoll hits you with a halberd!
* * * LOW HITPOINT WARNING * * *
You barely miss the gnoll. You headbutt the gnoll!
The gnoll is severely wounded.
The gnoll hits you from afar with a halberd.
* * * LOW HITPOINT WARNING * * *
The gnoll hits you with a halberd!
You die...

.. .# .# ###
###.# #....
.... #.#.# #.g#
#.#.# #g.#
#.#.###@.#####
#.#.......)....
#.#..##..######
#.#..##..#
#<.......#
###......#
#...##.# #####
.# .#


You could see 2 gnolls.

Vanquished Creatures
  An adder (D:2)
  3 dart slugs
  4 bats
  3 giant cockroaches
  4 goblins
  7 hobgoblins
  6 jackals (D:2)
  A quokka (D:2)
  A giant newt (D:2)
  4 rats
34 creatures vanquished.

Notes
Turn   | Place    | Note
--------------------------------------------------------------
     0 | D:1      | Ijustatesigmund the Minotaur Berserker began the quest for the Orb.
     0 | D:1      | Reached XP level 1. HP: 19/19 MP: 0/0
   126 | D:1      | Reached XP level 2. HP: 22/27 MP: 1/1
   692 | D:2      | Found a shadowy altar of Dithmenos.
   701 | D:2      | Found a shattered altar of Ashenzari.
   734 | D:2      | Reached ** piety under Trog
   824 | D:2      | Reached XP level 3. HP: 30/33 MP: 2/2
  1242 | D:3      | Slain by a gnoll

Skill      XL: |  1  2 |
---------------+-------+-----
Fighting       | 4 |  4.6
Axes           | 4 |  4.8
Armour         | |  2.4
Dodging        | |  2.1

Action                   || total
-------------------------++-------
Melee: Hand axe          ||    71
       Headbutt          ||    10
Invok: Berserk           ||     1
  Use: Scroll            ||    10
       Potion            ||     1
  Eat: Beef jerky        ||     1
Armor: Animal skin       ||     8
       Ring mail         ||     9
Dodge: Dodged            ||    43
